Map: King's Cove LE

Players

FOX - Winner!

  • Race: Zerg Zerg
  • League: Diamond
  • Spawn Location: 11:00

Faith

  • Race: Zerg Zerg
  • League: Master
  • Spawn Location: 5:00

VOD

Have the link to the VOD?

Description

Time

  • Played on: July 25, 2019, 12:33 p.m.
  • Length: 8:13
Show
View Real Time Build Order
Export as new Build Order

FOX Zerg - Winner!

Build Orders: Pool First, Zergling Baneling 

Get SALT Encoding   

  12  0:01  Drone  
  13  0:12  Overlord  
  13  0:18  Drone  
  14  0:30  Drone x2  
  16  0:42  Spawning Pool  
  15  0:44  Extractor  
  15  0:47  Drone  
  15  0:51  Drone  
  15  0:56  Drone  
  17  1:18  Hatchery  
  16  1:28  Zergling x4  
  16  1:29  Zergling x2  
  19  1:39  Queen  
  21  1:44  Zergling x2  
  22  1:52  Metabolic Boost  
  22  2:00  Overlord  
  22  2:05  Extractor  
  22  2:06  Drone  
  23  2:14  Baneling Nest  
  22  2:19  Zergling x2  
  23  2:34  Zergling x4  
  23  2:35  Zergling x2  
  26  2:42  Zergling x2  
  27  2:45  Zergling x2  
  27  2:49  Zergling x4  
  30  2:56  Zergling x4  
  32  3:03  Baneling x4  
  32  3:06  Baneling  
  32  3:07  Baneling  
  32  3:11  Zergling x2  
  33  3:21  Zergling x4  
  33  3:37  Zergling x6  
  32  3:41  Zergling x4  
  32  3:51  Zergling x6  
  32  3:56  Zergling x2  
  29  4:05  Zergling x4  
  29  4:09  Zergling x2  
  32  4:13  Zergling x2  
  32  4:16  Zergling x2  
  34  4:22  Zergling x2  
  35  4:24  Zergling x2  
  36  4:32  Overlord  
  36  4:44  Baneling  
  36  4:45  Baneling x5  
  36  4:47  Baneling  
  36  4:49  Baneling  
  36  4:50  Baneling  
  36  4:52  Baneling  
  36  4:55  Baneling  
  36  4:57  Baneling  
  36  5:05  Zergling x2  
  36  5:06  Zergling x2  
  38  5:08  Zergling x2  
  38  5:12  Zergling x2  
  40  5:20  Zergling x4  
  42  5:23  Zergling x2  
  35  5:36  Zergling x6  
  38  5:43  Zergling x6  
  41  6:05  Zergling x4  
  41  6:06  Overlord  
  41  6:07  Overlord  
  43  6:24  Zergling x2  
  44  6:28  Overlord  
  44  6:30  Zergling x6  
Show
View Real Time Build Order
Export as new Build Order

Faith Zerg 

Build Orders: Hatch First 

Get SALT Encoding   

  12  0:01  Drone  
  13  0:13  Overlord  
  13  0:18  Drone  
  14  0:37  Drone  
  14  0:38  Drone  
  14  0:39  Drone  
  17  0:54  Hatchery  
  16  0:59  Drone  
  17  1:12  Spawning Pool  
  17  1:15  Drone  
  17  1:18  Drone  
  18  1:20  Extractor  
  17  1:26  Drone  
  17  1:32  Drone  
  19  1:46  Drone  
  20  1:58  Overlord  
  20  2:01  Queen  
  20  2:06  Queen  
  20  2:07  Zergling x2  
  26  2:08  Drone  
  26  2:14  Drone  
  27  2:17  Drone  
  28  2:29  Roach Warren  
  26  2:32  Zergling x4  
  27  2:41  Queen  
  27  2:44  Zergling x2  
  29  2:46  Zergling x2  
  28  3:04  Extractor  
  27  3:11  Roach x4  
  35  3:15  Drone  
  28  3:40  Roach  
  24  3:41  Roach x2  
Tags
 
Add a new tag
Caveats
  • Supply blocks, unpowered buildings, or Contaminate may cause inaccurate times.
  • Supply counts are checked every 10 seconds.